 Dungeon Crawl Stone Soup version 0.18.1-47-g9310371 (webtiles) character file.

371 juanjsm the Changer (level 6, -1/38 HPs)
             Began as an Octopode Transmuter on June 21, 2016.
             Slain by an orc
             ... wielding a +0 falchion
              (7 damage)
             ... on level 4 of the Dungeon.
             The game lasted 00:14:47 (3709 turns).

juanjsm the Changer (Octopode Transmuter)           Turns: 3709, Time: 00:14:48

Health: -1/38      AC:  1    Str:  9    XL:     6   Next: 70%
Magic:  6/9        EV: 12    Int: 18    God:
Gold:   169        SH:  0    Dex: 12    Spells: 2 memorised, 5 levels left

rFire  . . .     SeeInvis .       - Unarmed
rCold  . . .     Gourm    +     (no shield)
rNeg   . . .     Faith    .     (helmet restricted)
rPois  .         Spirit   .     o - amulet of the gourmand
rElec  .         Dismiss  .     (no ring)
rCorr  .         Reflect  .     (no ring)
SustAt .         Harm     .     (no ring)
MR     .....                    (no ring)
Stlth  ++........               (no ring)
                                (no ring)
                                (no ring)
                                (no ring)

@: not resistant to hostile enchantments, unstealthy
A: almost no armour, amphibious, 8 rings, constrict 8, camouflage 1, gelatinous
body 1
a: no special abilities


You were on level 4 of the Dungeon.
You were very full.

You visited 2 branches of the dungeon, and saw 5 of its levels.

You collected 169 gold pieces.

Inventory:

Hand Weapons
 t - a +1 short sword of electrocution
 B - a +0 blowgun
Missiles
 a - 127 arrows
 A - 30 poisoned needles
 D - 4 needles of confusion
Armour
 q - a +2 buckler
Jewellery
 o - an amulet of the gourmand (around mantle)
 x - an uncursed amulet of dismissal {unknown}
Scrolls
 d - 11 scrolls of identify {unknown}
 e - a scroll of remove curse {unknown}
 g - 2 scrolls of random uselessness {unknown}
 j - 2 scrolls of teleportation {unknown}
 k - a scroll of recharging {unknown}
 m - 2 scrolls of amnesia {unknown}
 p - 2 scrolls of immolation {unknown}
 r - a scroll of fear {unknown}
 w - a scroll of blinking {unknown}
 y - 2 scrolls of enchant weapon {unknown}
Potions
 f - 2 potions of invisibility {unknown}
 h - a potion of agility {unknown}
 i - a potion of curing {unknown}
 u - a potion of degeneration {unknown}
 z - 2 potions of resistance {unknown}
 E - a potion of heal wounds {unknown}
 F - a potion of might {unknown}
Books
 b - a book of Changes

   Spells                             Type                      Level
   a - Beastly Appendage              Transmutation                1
   b - Sticks to Snakes               Transmutation                2
   c - Spider Form                    Transmutation/Poison         3
   d - Ice Form                       Ice/Transmutation            4
   e - Blade Hands                    Transmutation                5
Comestibles
 c - 4 bread rations
 l - 2 slices of pizza
 n - 2 beef jerkies
 s - a meat ration
 v - 4 fruits


   Skills:
 - Level 1.0 Fighting
 - Level 2.2 Dodging
 - Level 0.4 Stealth
 * Level 3.8 Unarmed Combat
 - Level 2.2 Spellcasting
 - Level 6.2 Transmutations


You had 5 spell levels left.
You knew the following spells:

 Your Spells              Type           Power        Failure   Level  Hunger
a - Beastly Appendage     Trmt           ###...       1%          1    #......
b - Spider Form           Trmt/Pois      ##........   17%         3    ###....


Dungeon Overview and Level Annotations

Branches:
Dungeon (4/15)             Temple (1/1) D:4

Altars:
Ashenzari
Elyvilon
Makhleb
Qazlal
Ru
Sif Muna
Trog
Vehumet
Xom
Yredelemnul
Zin
The Shining One


Innate Abilities, Weirdness & Mutations

You cannot wear most types of armour.
You are amphibious.
You can wear up to eight rings at the same time.
You can use your tentacles to constrict eight enemies at once.
Your skin changes colour to match your surroundings (Stealth).
Your rubbery body absorbs attacks (AC +1).


Message History

You barely miss the orc wizard.
The orc wizard is heavily wounded.
The orc wizard hits you with a dagger. The orc closely misses you.
You closely miss the orc wizard.
The orc wizard is heavily wounded.
The orc wizard barely misses you. x2
You barely miss the orc wizard.
The orc wizard is heavily wounded.
The orc closely misses you. The orc wizard hits you with a dagger.
* * * LOW HITPOINT WARNING * * *
You are too injured to fight recklessly!
You barely miss the orc wizard.
The orc wizard is heavily wounded.
The orc wizard completely misses you.
Your transformation has ended.
The orc wizard casts a spell at you. The magic dart hits you!
* * * LOW HITPOINT WARNING * * *
The orc hits you with a falchion!
You die...

#.#.......................
#.....#.#.........#.#...
#.#....##.# ........#.####
#.#........ ........#..
#.........#.##...########.
#........o.... ..+
#....#...o#(##...# #
#........S.o...# .#..
#...#....(@...# .....
#...###.......#
.....##...###...........
........................
..#####......###≈..≈###.
............#...#≈≈#..
............#.⌠.#≈≈#.⌠.
............#...#≈≈# ..
.#......#....###≈≈≈≈


You could see an orc wizard, an adder and 2 orcs.

Vanquished Creatures
  The ghost of juanjsm the Sneak, an amateur SpEn of Okawaru (D:3)
  4 orc wizards (D:3)
  A worker ant (D:4)
  A gnoll (D:1)
  3 adders
  An ooze (D:2)
  4 worms
  4 dart slugs (D:1)
  6 giant geckos
  12 orcs
  11 bats
  6 giant cockroaches
  7 goblins
  6 hobgoblins
  7 jackals
  2 ball pythons (D:3)
  A giant gecko skeleton (D:4)
  3 giant newts
  A jackal skeleton (D:4)
  7 kobolds
  8 rats
96 creatures vanquished.

Notes
Turn   | Place    | Note
--------------------------------------------------------------
     0 | D:1      | juanjsm the Octopode Transmuter began the quest for the Orb.
     0 | D:1      | Reached XP level 1. HP: 13/13 MP: 3/3
   174 | D:1      | Reached XP level 2. HP: 12/18 MP: 3/5
   965 | D:1      | Reached XP level 3. HP: 21/23 MP: 4/6
   974 | D:1      | Learned a level 3 spell: Spider Form
  1201 | D:1      | Reached skill level 3 in Transmutations
  1546 | D:2      | Reached XP level 4. HP: 26/28 MP: 7/7
  2194 | D:3      | Reached skill level 4 in Transmutations
  2201 | D:4      | Found a staircase to the Ecumenical Temple.
  2237 | Temple   | Entered the Ecumenical Temple
  2491 | D:3      | Reached XP level 5. HP: 25/33 MP: 6/8
  2493 | D:3      | Noticed juanjsm's ghost (amateur SpEn)
  2506 | D:3      | Killed juanjsm's ghost
  2506 | D:3      | Reached skill level 5 in Transmutations
  2675 | D:3      | Reached XP level 6. HP: 18/38 MP: 6/9
  3016 | D:3      | Reached skill level 6 in Transmutations
  3709 | D:4      | Slain by an orc

Skill      XL: |  1  2  3  4  5  6 |
---------------+-------------------+-----
Transmutations | 3 4 5 6 |  6.2
Fighting       | |  1.0
Dodging        | |  2.2
Stealth        | |  0.4
Unarmed Combat | |  3.8
Spellcasting   | |  2.2

Action                   |  1- 3 |  4- 6 || total
-------------------------+-------+-------++-------
Melee: Unarmed           |    83 |   179 ||   262
       Tentacles         |    15 |    14 ||    29
       Constrict         |    17 |    28 ||    45
       Kick              |    19 |    12 ||    31
       Punch             |     1 |     3 ||     4
 Cast: Beastly Appendage |    17 |    23 ||    40
       Spider Form       |       |     6 ||     6
 Abil: End Transformatio |       |     1 ||     1
 Stab: Sleeping          |     5 |     4 ||     9
  Eat: Chunk             |    15 |     7 ||    22
Armor: Skin              |     8 |    10 ||    18
Dodge: Dodged            |    56 |   155 ||   211
